Match 47753681
Unlisted

Match 47753681
End
Construct Weapon Support Center
M1919 Machine Gun Team
Engineer Squad
Bazooka Squad
M1919 Machine Gun Team
Improved M9 Bazooka Rockets
Selects Armored Battlegroup
Air Support Center
Selects Assault Engineers
Assault Engineer Squad
M3 Armored Personnel Carrier
Grasshopper Recon Run
Double Sortie
Grasshopper Recon Run
Selects M31 Recovery Vehicle
Air Supply
Assault Engineer Squad
Construct Motor Pool
Grasshopper Recon Run
P-47 Strafing Run
Selects War Machine
M8 Greyhound Armored Car
M1 Anti-tank Gun Team
P-47 Dive Bomb
Grasshopper Recon Run
P-47 Strafing Run
P-47 Strafing Run
M8 Greyhound Armored Car
Selects Strength in Steel
Assault Engineer Squad
Grasshopper Recon Run
M3 Armored Personnel Carrier
Grasshopper Recon Run
M1 Anti-tank Gun Team
M1 Anti-tank Gun Team
Grasshopper Recon Run
M24 Chaffee Light Tank
Rummel
JVM
¦(:]
Tuqiu
Hemera.Helio
tsj0gzt4
SuckMeinKomf
Happy PanzerVI
0
0

Comments sign in to comment!

No comments posted yet!